AoeStats
← Simon Stokvis

Arena

507966202Analyzed
4v4 RM · 12d ago on Sep 20, 2026· 37m 59s· 8 players
Game mode
Random Map
Map size
Large (8 player)
Population
200
Speed
Normal
Resources
Standard
Victory
Conquest
Starting age
Dark Age
Ending age
Imperial Age
RankedLock teamsTeams togetherTeam positionsShared explorationLock speedFull tech treeHidden civsTurbo modeCheats
Victory
Defeat
🇩🇪 Spanish · Germany
1655
+8
🇬🇧 Ethiopians · United Kingdom
1550
+12
🇳🇱 Khmer · Netherlands
1493
+15
🇩🇰 Burgundians · Denmark
1448
+16
🇷🇺 Hindustanis · Russia
1537
-15
🇦🇷 Persians · Argentina
1463
-13
🇨🇳 Ethiopians · China
1438
-12
🇨🇳 Wei · China
1428
-11
Simon Stokvis
10:25 Feudal Age
13:29 Castle Age
32:57 Double-Bit Axe
33:49 Town Watch
33:50 Loom
34:33 Horse Collar
38:24 Imperial Age
37:09 Husbandry
37:20 Bloodlines
37:58 Forging
38:28 Scale Barding Armor
Lord Longshaft
4:27 Double-Bit Axe
6:19 Horse Collar
11:27 Feudal Age
11:39 Gold Mining
16:16 Castle Age
14:44 Bow Saw
15:31 Heavy Plow
18:25 Two-Man Saw
18:48 Wheelbarrow
20:34 Hand Cart
20:05 Loom
25:03 Crop Rotation
28:38 Imperial Age
28:47 Imperial Age
26:42 Scale Barding Armor
26:41 Husbandry
26:49 Cavalier
26:56 Light Cavalry
28:34 Forging
29:03 Gold Shaft Mining
28:27 Stone Mining
29:51 Chain Barding Armor
29:26 Paladin
31:37 Chemistry
31:46 Plate Barding Armor
31:52 Masonry
31:33 Town Watch
31:29 Hussar
32:55 Iron Casting
33:33 Guilds
36:39 Coinage
36:43 Bombard Tower
36:43 Ballistics
36:14 Fletching
37:25 Blast Furnace
38:15 Banking
JN-
10:42 Feudal Age
11:43 Horse Collar
14:12 Castle Age
14:52 Double-Bit Axe
15:19 Heavy Plow
16:06 Bow Saw
18:24 Wheelbarrow
20:09 Loom
20:43 Hand Cart
22:17 Fletching
23:42 Padded Archer Armor
24:00 Bodkin Arrow
25:38 Town Watch
28:32 Imperial Age
25:25 Crossbowman
26:19 Gold Mining
26:42 Padded Archer Armor
27:08 Bodkin Arrow
27:49 Ballistics
27:55 Thumb Ring
28:39 Town Patrol
29:30 Gold Shaft Mining
30:16 Chemistry
29:34 Bracer
29:53 Arbalester
32:48 Coinage
33:11 Conscription
33:05 Siege Engineers
35:48 Caravan
36:18 Banking
36:41 Royal Heirs
37:04 Guilds
38:25 Stone Mining
daumasson
11:25 Feudal Age
14:51 Castle Age
13:09 Double-Bit Axe
13:40 Horse Collar
15:52 Bow Saw
24:04 Wheelbarrow
25:17 Hand Cart
26:48 Loom
26:49 Town Watch
27:31 Heavy Plow
30:22 Imperial Age
28:11 Scale Mail Armor
28:56 Forging
29:03 Gold Mining
29:03 Stone Mining
28:50 Pikeman
29:30 Squires
29:16 Arson
30:08 Chain Mail Armor
30:28 Iron Casting
30:41 Iron Casting
30:24 Gambesons
31:05 Ballistics
30:54 Fletching
31:38 Scale Barding Armor
32:06 Plate Mail Armor
32:32 Conscription
33:19 Chemistry
32:15 Murder Holes
32:32 Masonry
34:17 Blast Furnace
33:11 Arrowslits
33:18 Halberdier
35:09 Bombard Tower
35:11 Bodkin Arrow
35:34 Elite Conquistador
37:06 Bracer
37:00 Elite Conquistador
38:07 Husbandry
38:24 Bloodlines
zzy846362
10:50 Feudal Age
14:47 Castle Age
12:40 Horse Collar
13:56 Double-Bit Axe
20:52 Stone Mining
21:01 Gold Mining
22:19 Heavy Plow
22:31 Bow Saw
25:35 Wheelbarrow
26:24 Hand Cart
26:11 Loom
26:33 Town Watch
29:24 Imperial Age
27:46 Husbandry
28:04 Bloodlines
28:05 Scale Barding Armor
28:10 Forging
30:19 Conscription
30:27 Town Patrol
30:56 Chain Barding Armor
30:25 Cavalier
32:43 Two-Man Saw
32:59 Crop Rotation
32:41 Savar
34:22 Iron Casting
34:22 Plate Barding Armor
33:37 Heavy Camel Rider
hcy
11:01 Feudal Age
15:20 Castle Age
14:54 Double-Bit Axe
23:00 Loom
26:04 Stone Mining
29:50 Imperial Age
27:16 Gold Mining
28:46 Stone Shaft Mining
28:56 Wheelbarrow
28:04 Horse Collar
28:57 Town Watch
30:11 Scale Mail Armor
30:22 Forging
30:45 Torsion Engines
31:27 Gold Shaft Mining
31:14 Bow Saw
31:31 Chain Mail Armor
31:11 Heavy Scorpion
33:06 Two-Man Saw
32:13 Halberdier
33:29 Ballistics
34:25 Fortified Wall
逸丶然
8:45 Feudal Age
9:17 Double-Bit Axe
9:13 Horse Collar
12:47 Wheelbarrow
13:07 Town Watch
13:14 Gold Mining
13:59 Stone Mining
15:11 Loom
18:27 Castle Age
21:50 Bow Saw
26:55 Imperial Age
26:35 Treadmill Crane
34:02 Chemistry
33:30 Elite Skirmisher
34:23 Fletching
xxArMoRxx
10:25 Feudal Age
14:38 Castle Age
12:37 Double-Bit Axe
12:45 Horse Collar
15:49 Bow Saw
18:56 Wheelbarrow
18:06 Loom
22:37 Hand Cart
22:30 Scale Barding Armor
23:15 Bloodlines
23:05 Town Watch
23:55 Stone Mining
23:55 Gold Mining
24:08 Heavy Plow
25:00 Chain Barding Armor
24:53 Forging
25:04 Fervor
26:03 Husbandry
27:38 Gold Shaft Mining
27:39 Stone Shaft Mining
27:58 Light Cavalry
33:29 Imperial Age
32:06 Iron Casting
33:45 Heavy Camel Rider
35:23 Plate Barding Armor
34:58 Hussar
37:00 Blast Furnace
36:33 Fletching
38:21 Scale Mail Armor
38:17 Bodkin Arrow
Connection lost

Rejoining the realm…

Still unreachable

The connection could not be restored.

Session expired

The server has moved on; the page needs a fresh start.